 Dungeon Crawl Stone Soup version 0.27.1-34-g3ba077fa99 (webtiles) character file.

Game seed: 11210429070451469453

1068 mtoz the Skirmisher (level 8, -5/71 HPs)
             Began as a Minotaur Berserker on Jan 7, 2022.
             Was a Priest of Trog.
             Slain by a troll (8 damage)
             ... in the Ecumenical Temple.
             The game lasted 00:16:48 (5398 turns).

mtoz the Skirmisher (Minotaur Berserker)            Turns: 5398, Time: 00:16:49

Health: -5/71      AC: 11    Str: 23    XL:     8   Next: 7%
Magic:  7/7        EV: 10    Int:  4    God:    Trog [***...]
Gold:   206        SH:  0    Dex: 11    Spells: 7/7 levels left

rFire    . . .     SeeInvis .   z - +0 war axe
rCold    . . .     Faith    .   (no shield)
rNeg     . . .     Spirit   .   h - +0 chain mail
rPois    .         Reflect  .   (helmet restricted)
rElec    .         Harm     .   A - +0 cloak
rCorr    .         Rampage  .   (no gloves)
Will     ++...                  (no boots)
Stlth    ..........             (no amulet)
HPRegen  1.21/turn              (no ring)
MPRegen  0.10/turn              (no ring)

@: strong-willed, regenerating
A: horns 2, retaliatory headbutt
a: Renounce Religion, Berserk, Trog's Hand


You were in the Ecumenical Temple.
You worshipped Trog.
Trog was most pleased with you.
You visited 2 branches of the dungeon, and saw 6 of its levels.

You collected 206 gold pieces.

Inventory:

Hand Weapons
 a - a +0 hand axe
 b - a +0 flail of venom
 k - a +0 spear
 l - a +0 spear
 m - a +0 morningstar
 o - a +0 mace
 y - a +1 hand axe of draining
 z - a +0 war axe (weapon)
Armour
 g - the +1 scale mail "Xick" {rF+ Int+2 Dex+2 Slay+2}
   (You found it on level 4 of the Dungeon)

   Int:       It affects your intelligence (+2).
   Dex:       It affects your dexterity (+2).
   Slay:      It affects your accuracy & damage with ranged weapons and melee
   (+2).
   rF:        It protects you from fire.
 h - a +0 chain mail (worn)
 A - a +0 cloak (worn)
Magical Staves
 r - a staff of fire
Jewellery
 j - a ring of flight
Scrolls
 e - a scroll of immolation
 f - a scroll of teleportation
 p - a scroll of holy word {unknown}
 s - a scroll of fog {unknown}
 u - a scroll of amnesia
 x - a scroll of enchant armour {unknown}
Potions
 c - 2 potions of brilliance {unknown}
 d - a potion of curing {unknown}
 i - 2 potions of heal wounds {unknown}
 n - 2 potions of degeneration {unknown}
 q - a potion of haste {unknown}
 t - 2 potions of lignification {unknown}
 v - a potion of berserk rage {unknown}
 w - a potion of invisibility {unknown}


   Skills:
 + Level 6.8 Fighting
 + Level 6.7 Axes
 + Level 6.0 Armour
 + Level 5.5 Dodging


You had 7 spell levels left.
You didn't know any spells.
Your spell library was empty.

Dungeon Overview and Level Annotations

Branches:
Dungeon (5/15)             Temple (1/1) D:5

Altars:
Cheibriados
Dithmenos


Innate Abilities, Weirdness & Mutations

You have a pair of horns on your head.
You reflexively headbutt those who attack you in melee.


Message History

The orc hits you but does no damage. The orc hits you but does no damage.
Your skin crawls.
You feel strong-willed. The quokka barely misses you.
The orc barely misses you. The troll bites you!
* * * LOW HITPOINT WARNING * * *
The troll claws you.
* * * LOW HITPOINT WARNING * * *
The troll claws you!
* * * LOW HITPOINT WARNING * * *
You see here a +0 spear.
You feel the effects of Trog's Hand fading.
Your skin stops crawling.
You feel less strong-willed.
Things that are here:
a +0 club; a +0 scale mail
There is a staircase to the Ecumenical Temple here.
You can't go up here!
The troll bites you! The troll misses you. The troll claws you.
You climb downwards.
Welcome to the Ecumenical Temple!
Found a shadowy altar of Dithmenos.
There is a staircase back to the Dungeon here.
You are too injured to fight recklessly!
You are too injured to fight recklessly!
You slash the troll!
The troll is moderately wounded.
The troll closely misses you. The troll claws you.
* * * LOW HITPOINT WARNING * * *
The troll claws you!
* * * LOW HITPOINT WARNING * * *
You hit the troll.
The troll is moderately wounded.
The troll bites you.
* * * LOW HITPOINT WARNING * * *
The troll claws you but does no damage. x2
Your skin crawls.
You feel strong-willed. The troll bites you!
* * * LOW HITPOINT WARNING * * *
The troll claws you!
You die...

...............
...............
......._.......
...............
...............
...............
........T......
.......@.......
...............
...............
...............
...............
.......8.......
...............
...............


You could see a troll.

Vanquished Creatures
  A black bear (D:5)
  A sky beast (D:5)
  An ogre (D:5)
  A centaur (D:5)
  2 phantoms
  2 scorpions
  A hound (D:4)
  3 orc priests
  A jelly (D:4)
  3 iguanas
  An orc wizard (D:5)
  A hound skeleton (D:5)
  3 gnolls (D:2)
  5 adders
  An adder skeleton (D:5)
  4 worms
  3 dart slugs
  17 orcs
  3 endoplasms
  5 giant cockroaches
  4 goblins
  7 hobgoblins
  8 jackals
  5 kobolds
  4 quokkas
  6 ball pythons
  6 bats
  6 frilled lizards
  5 rats
110 creatures vanquished.

Vanquished Creatures (others)
  6 plants (D:4)
6 creatures vanquished.

Grand Total: 116 creatures vanquished

Notes
Turn   | Place    | Note
-------+----------+-------------------------------------------
     0 | D:1      | mtoz the Minotaur Berserker began the quest for the Orb.
     0 | D:1      | Reached XP level 1. HP: 19/19 MP: 0/0
   251 | D:1      | Reached XP level 2. HP: 21/27 MP: 1/1
   849 | D:2      | Reached XP level 3. HP: 15/33 MP: 2/2
  1145 | D:2      | Reached ** piety under Trog
  1491 | D:2      | Reached XP level 4. HP: 41/41 MP: 3/3
  2174 | D:2      | Found a faded altar of an unknown god.
  2649 | D:3      | Reached XP level 5. HP: 21/47 MP: 4/4
  2944 | D:3      | Reached *** piety under Trog
  3425 | D:4      | Identified the +1 scale mail "Xick" {rF+ Int+2 Dex+2
                  | Slay+2}
  3460 | D:4      | Reached skill level 5 in Fighting
  3460 | D:4      | Reached skill level 5 in Axes
  3788 | D:4      | Reached XP level 6. HP: 49/56 MP: 5/5
  4031 | D:4      | Found a snail-covered altar of Cheibriados.
  4391 | D:5      | Entered Level 5 of the Dungeon
  4420 | D:5      | Reached skill level 5 in Armour
  4420 | D:5      | Reached XP level 7. HP: 34/62 MP: 6/6
  4695 | D:5      | Found a staircase to the Ecumenical Temple.
  4737 | D:5      | Reached skill level 5 in Dodging
  5113 | D:5      | Reached XP level 8. HP: 35/71 MP: 7/7
  5347 | D:5      | Noticed a troll
  5395 | Temple   | Entered the Ecumenical Temple
  5398 | Temple   | HP: 3/71 [troll (9)]
  5398 | Temple   | Slain by a troll

Illustrated notes

Levels and vault maps discovered:
D:1:      evilmike_arrival_hilbert_curve, layout_rooms,
          hangedman_decor_diamond_cutter, minmay_tree_intersection
D:2:      layout_basic, serial_corexii_hall, corexii_hall_statues_x,
          chequers_hall_statues_y, chequers_hall_statues_y,
          corexii_hall_statues_i, chequers_ecumenical_altar_simple_redux,
          grunt_decor_resistance, grunt_ministairs_6
D:3:      layout_loops_ring
D:4:      layout_loops_ring, cheibrodos_worm_habitat, serial_forest,
          infiniplex_forest_straight_2, infiniplex_forest_straight_3,
          infiniplex_forest_straight_1, infiniplex_forest_split,
          infiniplex_forest_lined_2, infiniplex_forest_clump_long
D:5:      layout_loops_corners, minmay_temple_entry_waves,
          minmay_chambers_of_fives, uniq_grinder
Temple:   dshaligram_water_room_temple

Skill      XL: |  1  2  3  4  5  6  7 |
---------------+----------------------+-----
Fighting       | 4 5 6 |  6.8
Axes           | 4 5 6 |  6.7
Armour         | 3 4 5 6 |  6.0
Dodging        | 3 4 5 |  5.5

Action                   |  1- 3 |  4- 6 |  7- 9 || total
-------------------------+-------+-------+-------++-------
Melee: Hand axe          |    41 |       |    18 ||    59
       Headbutt          |    12 |    24 |    12 ||    48
       Flail             |    15 |   154 |    36 ||   205
       War axe           |       |       |    10 ||    10
Invok: Trog's Hand       |       |     1 |     5 ||     6
  Use: Scroll            |       |     4 |       ||     4
 Stab: Distracted        |       |     1 |       ||     1
Armor: Animal skin       |     2 |       |       ||     2
       Chain mail        |    19 |    80 |    45 ||   144
Dodge: Dodged            |    31 |    60 |    42 ||   133
